[Event "VII Lorca Open 2018"]
[Site "Lorca"]
[Date "2018.12.29"]
[Round "7"]
[White "Domingo Nunez, Alejandro"]
[Black "Orantes Taboada, Francisco"]
[Result "1-0"]
[ECO "B33"]
[WhiteElo "2404"]
[BlackElo "2295"]
[Annotator "ChessBase"]
[PlyCount "38"]
[EventDate "2018.12.26"]
[EventType "swiss"]
[EventCountry "ESP"]
[SourceTitle "playchess.com"]
[Source "ChessBase"]
[SourceQuality "1"]
[TimeControl "5400+30"]

1. e4 c5 2. Nf3 Nc6 3. d4 cxd4 4. Nxd4 Nf6 5. Nc3 e5 6. Ndb5 d6 7. Bg5 a6 8. Na3 b5 9. Nd5 Be7 10. Bxf6 Bxf6 11. c3 O-O 12. Nc2 Rb8 13. a4 Bg5 14. axb5 axb5 15. Bd3 Be6 16. Qe2 Bxd5 17. exd5 Ne7 18. Nb4 Qc8 19. Bxb5 Ng6 1-0

[Event "VII Lorca Open 2018"]
[Site "Lorca"]
[Date "2018.12.29"]
[Round "7"]
[White "Sabuk, Piotr"]
[Black "Manu David Suthandram R"]
[Result "0-1"]
[ECO "D30"]
[WhiteElo "2391"]
[BlackElo "2153"]
[Annotator "NA"]
[PlyCount "56"]
[EventDate "2018.12.26"]
[EventType "swiss"]
[EventCountry "ESP"]
[SourceTitle "playchess.com"]
[Source "ChessBase"]
[SourceQuality "1"]
[TimeControl "5400+30"]

1. d4 Nf6 2. Nf3 e6 3. c4 d5 4. g3 c5 5. cxd5 exd5 6. Bg2 Nc6 7. O-O Bg4 8. Ne5 cxd4 9. Nxg4 Nxg4 10. e4 Nf6 11. exd5 Nxd5 12. Qb3 Nb6 13. a4 a5 14. Bg5 Be7 15. Bxc6+ bxc6 16. Bxe7 Kxe7 17. Nd2 Nd5 18. Rac1 Nb4 19. Rc5 Re8 20. Nc4 Kf8 21. Nxa5 Qb6 22. Rf5 Nd5 23. Qxb6 Nxb6 24. Nxc6 Nxa4 25. b3 g6 26. Rf3 Nc5 27. Nxd4 Rad8 28. Rc1 Ne4 0-1

[Event "VII Lorca Open 2018"]
[Site "Lorca"]
[Date "2018.12.29"]
[Round "7"]
[White "Domingo Nunez, Ruben"]
[Black "Garrido Outon, Alex"]
[Result "1-0"]
[ECO "A07"]
[WhiteElo "2383"]
[BlackElo "2097"]
[Annotator "ChessBase"]
[PlyCount "37"]
[EventDate "2018.12.26"]
[EventType "swiss"]
[EventCountry "ESP"]
[SourceTitle "playchess.com"]
[Source "ChessBase"]
[SourceQuality "1"]
[TimeControl "5400+30"]

1. Nf3 Nf6 2. g3 d5 3. Bg2 Bf5 4. O-O e6 5. b3 Be7 6. Bb2 h6 7. d3 O-O 8. Nbd2 a5 9. a4 Bh7 10. Ne5 Nbd7 11. e4 Nxe5 12. Bxe5 c6 13. Qe2 Qb6 14. Bb2 Rfe8 15. e5 Nd7 16. Kh1 Qc5 17. Rfc1 b5 18. f4 Qb6 19. g4 1-0

[Event "VII Lorca Open 2018"]
[Site "Lorca"]
[Date "2018.12.29"]
[Round "7"]
[White "Valmana Canto, Jaime"]
[Black "Ibarra Jerez, Jose Carlos"]
[Result "1/2-1/2"]
[ECO "A09"]
[WhiteElo "2359"]
[BlackElo "2558"]
[Annotator "ChessBase"]
[PlyCount "35"]
[EventDate "2018.12.26"]
[EventType "swiss"]
[EventCountry "ESP"]
[SourceTitle "playchess.com"]
[Source "ChessBase"]
[SourceQuality "1"]
[TimeControl "5400+30"]

1. Nf3 d5 2. g3 g6 3. Bg2 Bg7 4. c4 dxc4 5. Qa4+ Nc6 6. Qxc4 e5 7. d3 h6 8. Nc3 Nge7 9. Bd2 O-O 10. O-O Be6 11. Qa4 Nd4 12. Rfc1 c6 13. b4 Bg4 14. Nxd4 exd4 15. Ne4 Bxe2 16. Qc2 Bg4 17. a4 Nd5 18. b5 1/2-1/2

[Event "VII Lorca Open 2018"]
[Site "Lorca"]
[Date "2018.12.29"]
[Round "7"]
[White "Garcia Ramos, Daniel"]
[Black "Suarez Uriel, Adrian"]
[Result "0-1"]
[ECO "C41"]
[WhiteElo "2304"]
[BlackElo "2386"]
[Annotator "ChessBase"]
[PlyCount "28"]
[EventDate "2018.12.26"]
[EventType "swiss"]
[EventCountry "ESP"]
[SourceTitle "playchess.com"]
[Source "ChessBase"]
[SourceQuality "1"]
[TimeControl "5400+30"]

1. e4 d6 2. d4 Nf6 3. Nc3 e5 4. Nf3 Nbd7 5. Bc4 Be7 6. O-O exd4 7. Nxd4 Nb6 8. Be2 O-O 9. Re1 c6 10. a4 a5 11. Qd3 d5 12. e5 Nfd7 13. Qg3 Bh4 14. Qf4 Nc5 0-1

[Event "VII Lorca Open 2018"]
[Site "Lorca"]
[Date "2018.12.29"]
[Round "7"]
[White "Espineira Gonzalez, Diego"]
[Black "Serarols Mabras, Bernat"]
[Result "1/2-1/2"]
[ECO "B15"]
[WhiteElo "2299"]
[BlackElo "2371"]
[Annotator "NA"]
[PlyCount "34"]
[EventDate "2018.12.26"]
[EventType "swiss"]
[EventCountry "ESP"]
[SourceTitle "playchess.com"]
[Source "ChessBase"]
[SourceQuality "1"]
[TimeControl "5400+30"]

1. e4 c6 2. d4 d5 3. Nc3 dxe4 4. Nxe4 Nf6 5. Nxf6+ exf6 6. c3 Bd6 7. Bd3 O-O 8. Ne2 Re8 9. Qc2 g6 10. Be3 Be6 11. O-O Qc7 12. h3 Nd7 13. Qd2 f5 14. Bf4 Nf6 15. Bxd6 Qxd6 16. Qf4 Rad8 17. Rfe1 Nh5 1/2-1/2

[Event "VII Lorca Open 2018"]
[Site "Lorca"]
[Date "2018.12.29"]
[Round "7"]
[White "Terbe, Julianna"]
[Black "Gascon Del Nogal, Jose Rafael"]
[Result "0-1"]
[ECO "C55"]
[WhiteElo "2272"]
[BlackElo "2484"]
[Annotator "ChessBase"]
[PlyCount "45"]
[EventDate "2018.12.26"]
[EventType "swiss"]
[EventCountry "ESP"]
[SourceTitle "playchess.com"]
[Source "ChessBase"]
[SourceQuality "1"]
[TimeControl "5400+30"]

1. e4 e5 2. Nf3 Nc6 3. Bc4 Nf6 4. d3 Be7 5. O-O O-O 6. Re1 d6 7. a4 Kh8 8. a5 a6 9. c3 Ng8 10. d4 Bg4 11. dxe5 Nxe5 12. Be2 Bxf3 13. Bxf3 Bg5 14. Be2 Bxc1 15. Qxc1 Qh4 16. Qe3 Nf6 17. Nd2 Rfe8 18. Nf3 Nxf3+ 19. Bxf3 Re5 20. g3 Qh3 21. Bg2 Qh5 22. Bf3 Qg6 23. Bg2 0-1

[Event "VII Lorca Open 2018"]
[Site "Lorca"]
[Date "2018.12.29"]
[Round "7"]
[White "Bharath Subramaniyam H"]
[Black "Luch, Michal"]
[Result "0-1"]
[ECO "B22"]
[WhiteElo "2234"]
[BlackElo "2360"]
[Annotator "ChessBase"]
[PlyCount "53"]
[EventDate "2018.12.26"]
[EventType "swiss"]
[EventCountry "ESP"]
[SourceTitle "playchess.com"]
[Source "ChessBase"]
[SourceQuality "1"]
[TimeControl "5400+30"]

1. e4 c5 2. c3 Nf6 3. e5 Nd5 4. Nf3 e6 5. Bc4 b6 6. Bxd5 exd5 7. d4 d6 8. O-O Be7 9. Bf4 O-O 10. Na3 dxe5 11. Nxe5 cxd4 12. Qxd4 Bxa3 13. bxa3 Be6 14. Rfe1 Nd7 15. Nc6 Qf6 16. Qd2 h6 17. Bd6 Rfe8 18. Re3 Rac8 19. Rf3 Qxf3 20. Ne7+ Rxe7 21. gxf3 Ree8 22. Kg2 Rc6 23. Bf4 Rec8 24. Rc1 Rc4 25. Be3 Ne5 26. f4 Ng6 27. Qb2 0-1

[Event "VII Lorca Open 2018"]
[Site "Lorca"]
[Date "2018.12.29"]
[Round "7"]
[White "Salvador Lopez, Daniel"]
[Black "Morozov, Nichita"]
[Result "1/2-1/2"]
[ECO "A45"]
[WhiteElo "2177"]
[BlackElo "2439"]
[Annotator "NA"]
[PlyCount "54"]
[EventDate "2018.12.26"]
[EventType "swiss"]
[EventCountry "ESP"]
[SourceTitle "playchess.com"]
[Source "ChessBase"]
[SourceQuality "1"]
[TimeControl "5400+30"]

1. d4 Nf6 2. Bg5 e6 3. Nd2 h6 4. Bh4 Nc6 5. e3 d6 6. Ngf3 g5 7. Bg3 Nh5 8. Ne5 Nxg3 9. Nxc6 bxc6 10. hxg3 Bg7 11. Qf3 Bb7 12. Ba6 Qc8 13. Bxb7 Qxb7 14. O-O O-O 15. g4 f5 16. Rab1 Rae8 17. gxf5 exf5 18. Qe2 Kh8 19. Qd3 Qc8 20. c3 d5 21. f4 g4 22. g3 h5 23. Kf2 Kh7 24. Nb3 Kg6 25. Nc5 Rh8 26. Qa6 Qxa6 27. Nxa6 Re7 1/2-1/2

[Event "VII Lorca Open 2018"]
[Site "Lorca"]
[Date "2018.12.29"]
[Round "7"]
[White "Ajay Karthikeyan"]
[Black "Ramiro Ovejero, Juan Luis"]
[Result "1/2-1/2"]
[ECO "D02"]
[WhiteElo "2143"]
[BlackElo "2358"]
[Annotator "NA"]
[PlyCount "57"]
[EventDate "2018.12.26"]
[EventType "swiss"]
[EventCountry "ESP"]
[SourceTitle "playchess.com"]
[Source "ChessBase"]
[SourceQuality "1"]
[TimeControl "5400+30"]

1. d4 d5 2. Bf4 Nf6 3. e3 e6 4. Nf3 Bd6 5. Bg3 c5 6. c3 O-O 7. Nbd2 Nc6 8. Bd3 Qe7 9. Ne5 Nd7 10. Nxd7 Qxd7 11. dxc5 Bxc5 12. O-O Bd6 13. Nf3 Bxg3 14. hxg3 Qe7 15. e4 dxe4 16. Bxe4 Bd7 17. Qe2 Rfd8 18. Rfd1 Be8 19. Qe3 h6 20. Nd4 Nxd4 21. Rxd4 Rxd4 22. Qxd4 Qc7 23. Rd1 Bc6 24. Qc5 Rd8 25. Rxd8+ Qxd8 26. Bxc6 bxc6 27. Qxa7 Qd1+ 28. Kh2 Qh5+ 29. Kg1 1/2-1/2

[Event "VII Lorca Open 2018"]
[Site "Lorca"]
[Date "2018.12.29"]
[Round "7"]
[White "Korneev Leskova, Svyatoslav"]
[Black "Pogorelov, Ruslan"]
[Result "1-0"]
[ECO "A37"]
[WhiteElo "2134"]
[BlackElo "2354"]
[Annotator "NA"]
[PlyCount "60"]
[EventDate "2018.12.26"]
[EventType "swiss"]
[EventCountry "ESP"]
[SourceTitle "playchess.com"]
[Source "ChessBase"]
[SourceQuality "1"]
[TimeControl "5400+30"]

1. c4 c5 2. Nc3 g6 3. g3 Bg7 4. Bg2 Nc6 5. Nf3 b6 {[%emt 0:00:33] A37: Symmetrical English vs ...g6: 4 Bg2 Bg7 5 Nf3} (5... e6 6. d4 cxd4 7. Nb5 d5 8. cxd5 Qa5+ 9. Nd2 exd5 10. Nd6+ Kf8 11. Nxc8 Rxc8 12. O-O Nge7 13. Nf3 h6 14. h4 Bf6 15. Bd2 Qb6 16. b4 Kg7 17. Rb1 {½-½ (40) Grischuk,A (2766)-So,W (2778) Paris 2018}) 6. d3 Bb7 7. e4 d6 8. O-O Qd7 9. Be3 Nd4 10. Bxd4 cxd4 11. Nb5 e5 12. Qa4 Ke7 13. Qb4 $146 a6 14. Na3 Qc7 15. Nc2 Qc5 16. Qe1 Nf6 17. Nd2 Rhe8 18. Qe2 Kf8 19. Bh3 b5 20. Nb3 Qb6 21. cxb5 d5 22. bxa6 Rxa6 23. exd5 Bxd5 24. Qd2 Rb8 25. Rfb1 Ra4 26. Bg2 e4 27. dxe4 Nxe4 28. Qd3 f5 29. Qd2 Qb5 $2 (29... Nxd2 $19 30. Bxd5 Nxb1 31. Rxb1 Rd8) 30. Qd3 $2 (30. Bxe4 $11 Bxe4 31. Ncxd4) 30... Qb6 $11 (30... Qxd3 $19 31. f3 Qxc2 32. fxe4 Bxb3 33. axb3 Rxb3 34. Rxa4 Qxb1+ 35. Bf1 Rf3 36. Ra8+ Kf7 37. Ra7+ Kg8 38. Ra8+ Bf8 39. Rxf8+ Kxf8 40. h3 Qxf1+ 41. Kh2 Rf2#) 1-0

[Event "VII Lorca Open 2018"]
[Site "Lorca"]
[Date "2018.12.29"]
[Round "7"]
[White "Cebrian Flores, Juan Antonio"]
[Black "Guerra Rivera, Salvador"]
[Result "0-1"]
[ECO "E04"]
[WhiteElo "2015"]
[BlackElo "2343"]
[Annotator "ChessBase"]
[PlyCount "36"]
[EventDate "2018.12.26"]
[EventType "swiss"]
[EventCountry "ESP"]
[SourceTitle "playchess.com"]
[Source "ChessBase"]
[SourceQuality "1"]
[TimeControl "5400+30"]

1. d4 e6 2. c4 Nf6 3. g3 d5 4. Nf3 dxc4 5. Bg2 Bd7 6. Ne5 Bc6 7. Nxc6 Nxc6 8. Bxc6+ bxc6 9. O-O c5 10. Qa4+ Qd7 11. Qxd7+ Nxd7 12. dxc5 Bxc5 13. a4 a5 14. Bd2 O-O 15. Rc1 Nb6 16. Na3 Bxa3 17. Rxa3 Rfd8 18. Be3 Rd6 0-1

[Event "VII Lorca Open 2018"]
[Site "Lorca"]
[Date "2018.12.30"]
[Round "8"]
[White "Ibarra Jerez, Jose Carlos"]
[Black "Guerra Rivera, Salvador"]
[Result "1/2-1/2"]
[ECO "A13"]
[WhiteElo "2558"]
[BlackElo "2343"]
[Annotator "ChessBase"]
[PlyCount "68"]
[EventDate "2018.12.26"]
[EventType "swiss"]
[EventCountry "ESP"]
[SourceTitle "playchess.com"]
[Source "ChessBase"]
[SourceQuality "1"]
[TimeControl "5400+30"]

1. g3 Nf6 2. Bg2 d5 3. c4 e6 4. Nf3 dxc4 5. Qa4+ Nbd7 6. Qxc4 a6 7. Qc2 Rb8 8. d3 b5 9. O-O Bb7 10. b3 c5 11. Bb2 Be7 12. Nbd2 O-O 13. Rac1 Rc8 14. Qb1 Qb6 15. h3 Rfd8 16. Rfe1 Nf8 17. a3 Ng6 18. e3 Qd6 19. Bf1 e5 20. e4 h5 21. Qa1 Nd7 22. h4 Bf6 23. Bc3 Ne7 24. b4 Nc6 25. Rb1 cxb4 26. axb4 Nb6 27. Bb2 Na4 28. Ba3 Rc7 29. Nb3 Bc8 30. Rec1 Bg4 31. Nh2 Be6 32. Nf3 Bg4 33. Nh2 Be6 34. Nf3 Bg4 1/2-1/2

[Event "VII Lorca Open 2018"]
[Site "Lorca"]
[Date "2018.12.30"]
[Round "8"]
[White "Grigoryan, Karen H."]
[Black "Gomez Ledo, Roberto Carlos"]
[Result "1-0"]
[ECO "B07"]
[WhiteElo "2557"]
[BlackElo "2448"]
[Annotator "ChessBase"]
[PlyCount "73"]
[EventDate "2018.12.26"]
[EventType "swiss"]
[EventCountry "ESP"]
[SourceTitle "playchess.com"]
[Source "ChessBase"]
[SourceQuality "1"]
[TimeControl "5400+30"]

1. e4 d6 2. d4 Nf6 3. f3 e5 4. Ne2 Be7 5. c4 O-O 6. Be3 c6 7. Nbc3 a6 8. d5 b5 9. Nc1 b4 10. N3e2 Ne8 11. Qd2 a5 12. a3 c5 13. axb4 cxb4 14. Nd3 Ba6 15. b3 Nd7 16. g3 f5 17. exf5 Rxf5 18. Bg2 Bg5 19. Bh3 Bxe3 20. Qxe3 g6 21. Bxf5 gxf5 22. O-O Ng7 23. f4 Qc7 24. fxe5 dxe5 25. Ra2 Bb7 26. Rfa1 Re8 27. Rxa5 f4 28. gxf4 exf4 29. Qf2 Nf6 30. Nexf4 Ne4 31. Qg2 Kh8 32. Kh1 Nf5 33. Rb5 Nc3 34. Rxb4 Ba8 35. Qb2 Qg7 36. Rc1 Nd4 37. Qxc3 1-0

[Event "VII Lorca Open 2018"]
[Site "Lorca"]
[Date "2018.12.30"]
[Round "8"]
[White "Nasuta, Grzegorz"]
[Black "Silva Lucena, Cristian"]
[Result "1/2-1/2"]
[ECO "C47"]
[WhiteElo "2530"]
[BlackElo "2197"]
[Annotator "ChessBase"]
[PlyCount "69"]
[EventDate "2018.12.26"]
[EventType "swiss"]
[EventCountry "ESP"]
[SourceTitle "playchess.com"]
[Source "ChessBase"]
[SourceQuality "1"]
[TimeControl "5400+30"]

1. e4 e5 2. Nc3 Nf6 3. g3 d5 4. exd5 Nxd5 5. Bg2 Nxc3 6. bxc3 Bc5 7. Nf3 Nc6 8. O-O O-O 9. Re1 Re8 10. d4 exd4 11. Rxe8+ Qxe8 12. cxd4 Bd6 13. Bb2 Bg4 14. Qd2 f6 15. Re1 Qh5 16. Qe3 Qb5 17. Ba3 Bxa3 18. Qxa3 Bxf3 19. Qxf3 Nxd4 20. Qg4 Rd8 21. Re7 g6 22. c3 f5 23. Qd1 Nc6 24. Rd7 Rxd7 25. Qxd7 Qb1+ 26. Bf1 Qxa2 27. Qc8+ Kg7 28. Qxb7 Qe6 29. Qxc7+ Kh6 30. h4 a5 31. Qf4+ Kg7 32. h5 Ne5 33. Qd4 gxh5 34. f4 h4 35. gxh4 1/2-1/2

[Event "VII Lorca Open 2018"]
[Site "Lorca"]
[Date "2018.12.30"]
[Round "8"]
[White "Gascon Del Nogal, Jose Rafael"]
[Black "Espineira Gonzalez, Diego"]
[Result "1/2-1/2"]
[ECO "D61"]
[WhiteElo "2484"]
[BlackElo "2299"]
[Annotator "ChessBase"]
[PlyCount "110"]
[EventDate "2018.12.26"]
[EventType "swiss"]
[EventCountry "ESP"]
[SourceTitle "playchess.com"]
[Source "ChessBase"]
[SourceQuality "1"]
[TimeControl "5400+30"]

1. d4 d5 2. c4 e6 3. Nc3 Nf6 4. Bg5 Be7 5. e3 O-O 6. Nf3 h6 7. Bh4 c6 8. Qc2 Nbd7 9. O-O-O a6 10. Rg1 dxc4 11. g4 Nh7 12. Bxe7 Qxe7 13. Bxc4 Ng5 14. Nxg5 hxg5 15. h4 gxh4 16. g5 g6 17. f4 Kg7 18. Rh1 Rh8 19. Qf2 b5 20. Rxh4 Bb7 21. Rdh1 bxc4 22. Ne4 c5 23. Qh2 Qd8 24. Rh7+ Rxh7 25. Qxh7+ Kf8 26. Nd6 Ke7 27. Nxf7 Qe8 28. Ne5+ Kd8 29. Rd1 Qe7 30. Qxg6 Nxe5 31. dxe5+ Kc7 32. Qc2 Rd8 33. Rxd8 Qxd8 34. Qxc4 Qd5 35. Qxd5 Bxd5 36. g6 Be4 37. g7 Bh7 38. Kd2 Kc6 39. e4 Kd7 40. Kc3 Ke7 41. f5 exf5 42. exf5 Kf7 43. f6 Ke6 44. Kc4 Bg8 45. Kxc5 Kxe5 46. a4 Kxf6 47. Kb6 Bc4 48. g8=Q Bxg8 49. Kxa6 Bb3 50. a5 Ke6 51. Kb7 Kd5 52. Kb6 Kc4 53. a6 Bd1 54. a7 Bf3 55. b4 Kxb4 1/2-1/2

[Event "VII Lorca Open 2018"]
[Site "Lorca"]
[Date "2018.12.30"]
[Round "8"]
[White "Pap, Misa"]
[Black "Domingo Nunez, Alejandro"]
[Result "1-0"]
[ECO "C06"]
[WhiteElo "2480"]
[BlackElo "2404"]
[Annotator "ChessBase"]
[PlyCount "79"]
[EventDate "2018.12.26"]
[EventType "swiss"]
[EventCountry "ESP"]
[SourceTitle "playchess.com"]
[Source "ChessBase"]
[SourceQuality "1"]
[TimeControl "5400+30"]

1. e4 e6 2. d4 d5 3. Nd2 Be7 4. Ngf3 Nf6 5. e5 Nfd7 6. Bd3 c5 7. c3 Nc6 8. O-O g5 9. dxc5 g4 10. Nd4 Ndxe5 11. Bb5 Bd7 12. N2b3 h5 13. Re1 Ng6 14. Bd3 Rg8 15. Bxg6 Rxg6 16. Bf4 Kf8 17. Qd3 Kg7 18. Rad1 Bf6 19. c4 Ne7 20. Be5 dxc4 21. Bxf6+ Rxf6 22. Qxc4 Qc7 23. Nd2 a6 24. Ne4 Rg6 25. Qc3 Kg8 26. Nc2 Nd5 27. Rxd5 exd5 28. Nf6+ Rxf6 29. Qxf6 Re8 30. Qg5+ Kf8 31. Qh6+ Kg8 32. Rxe8+ Bxe8 33. Qxh5 Qxc5 34. Qxg4+ Kh7 35. Qh3+ Kg8 36. Qc3 Qe7 37. Nd4 Qe4 38. h3 Qb1+ 39. Kh2 Qxa2 40. Nf5 1-0

[Event "VII Lorca Open 2018"]
[Site "Lorca"]
[Date "2018.12.30"]
[Round "8"]
[White "Nayhebaver, Martin"]
[Black "Valmana Canto, Jaime"]
[Result "0-1"]
[ECO "C07"]
[WhiteElo "2460"]
[BlackElo "2359"]
[Annotator "ChessBase"]
[PlyCount "142"]
[EventDate "2018.12.26"]
[EventType "swiss"]
[EventCountry "ESP"]
[SourceTitle "playchess.com"]
[Source "ChessBase"]
[SourceQuality "1"]
[TimeControl "5400+30"]

1. e4 e6 2. d4 d5 3. Nd2 c5 4. exd5 Qxd5 5. Ngf3 cxd4 6. Bc4 Qd6 7. O-O Nf6 8. Nb3 Nc6 9. Nbxd4 Nxd4 10. Nxd4 a6 11. Re1 Qc7 12. Qe2 Bc5 13. c3 h6 14. Bb3 Bd7 15. Qf3 O-O-O 16. Bf4 Bd6 17. Bxd6 Qxd6 18. a4 h5 19. h3 h4 20. Qe3 Bc6 21. Nxc6 Qxc6 22. Bd1 Nd5 23. Qg5 Qc7 24. Bf3 f6 25. Qc1 Nf4 26. Qc2 Rd3 27. Re3 Rhd8 28. Qb3 Kb8 29. a5 e5 30. Ra4 Rxe3 31. fxe3 Nd3 32. Rc4 Qe7 33. Be4 f5 34. Bxd3 Rxd3 35. Qb6 Rd1+ 36. Kh2 e4 37. Qc5 Qxc5 38. Rxc5 g6 39. Re5 Kc7 40. Re6 g5 41. Rg6 f4 42. Re6 f3 43. gxf3 exf3 44. Rf6 Rd2+ 45. Kg1 Rg2+ 46. Kh1 Rg3 47. Kh2 Rg2+ 48. Kh1 Rg3 49. Kh2 Kd7 50. e4 Ke7 51. e5 Rg2+ 52. Kh1 Rg3 53. Kh2 Rg2+ 54. Kh1 Rxb2 55. Rxf3 Ke6 56. Kg1 Rb5 57. Rf6+ Kxe5 58. Rf7 Ke4 59. Kg2 Rb2+ 60. Kg1 Rb5 61. Kg2 Rb2+ 62. Kg1 Kd3 63. Rc7 Rb5 64. Kg2 Rxa5 65. Rxb7 Kxc3 66. Kf3 Rb5 67. Re7 a5 68. Re4 Kb3 69. Re3+ Kb2 70. Re2+ Ka3 71. Kg4 a4 0-1

[Event "VII Lorca Open 2018"]
[Site "Lorca"]
[Date "2018.12.30"]
[Round "8"]
[White "Morozov, Nichita"]
[Black "Sanchez Jerez, Emilio Miguel"]
[Result "1-0"]
[ECO "D31"]
[WhiteElo "2439"]
[BlackElo "2193"]
[Annotator "NA RC"]
[PlyCount "59"]
[EventDate "2018.12.26"]
[EventType "swiss"]
[EventCountry "ESP"]
[SourceTitle "playchess.com"]
[Source "ChessBase"]
[SourceQuality "1"]
[TimeControl "5400+30"]

1. d4 e6 2. c4 d5 3. Nf3 a6 4. cxd5 exd5 5. Nc3 c6 6. Qb3 Nf6 7. Bg5 Be7 8. e3 Nbd7 9. Bd3 h6 10. Bh4 O-O 11. O-O Ne4 12. Bxe7 Qxe7 13. a3 Ndf6 14. Qc2 Nd6 15. Nd2 g6 16. Rae1 Bf5 17. f3 Bxd3 18. Qxd3 Rad8 19. e4 dxe4 20. fxe4 Nb5 21. Nxb5 axb5 22. e5 Nd5 23. Ne4 Kg7 24. Qg3 Nc7 25. Nd6 Qg5 26. Qf2 b6 27. Nxf7 Qg4 28. Qf6+ Kh7 29. Rf4 Qe6 30. Nxd8 1-0

[Event "VII Lorca Open 2018"]
[Site "Lorca"]
[Date "2018.12.30"]
[Round "8"]
[White "Solozhenkin, Evgeniy"]
[Black "Gines Esteo, Pedro Antonio"]
[Result "0-1"]
[ECO "A89"]
[WhiteElo "2427"]
[BlackElo "2339"]
[Annotator "NA"]
[PlyCount "150"]
[EventDate "2018.12.26"]
[EventType "swiss"]
[EventCountry "ESP"]
[SourceTitle "playchess.com"]
[Source "ChessBase"]
[SourceQuality "1"]
[TimeControl "5400+30"]

1. d4 f5 2. g3 Nf6 3. Bg2 g6 4. Nf3 Bg7 5. O-O O-O 6. c4 d6 7. Nc3 Nc6 8. d5 Ne5 9. Nxe5 dxe5 10. Qb3 e6 11. Rd1 exd5 12. cxd5 Kh8 13. Be3 Ne8 14. Rac1 a6 15. Na4 Nd6 16. Nc5 Qe7 17. Bd2 e4 18. a4 a5 19. f3 Re8 20. fxe4 fxe4 21. Bf4 g5 22. Bxd6 cxd6 23. Nxe4 Bf5 24. Rc4 Rac8 25. Rxc8 Rxc8 26. Qf3 Bxe4 27. Qxe4 Qxe4 28. Bxe4 Rc4 29. Bd3 Rxa4 30. Rc1 Bd4+ 31. Kg2 Rb4 32. Rc7 Bxb2 33. h4 gxh4 34. Rxh7+ Kg8 35. Rxh4 Rb3 36. Bc2 Rc3 37. Bh7+ Kg7 38. Bd3 Rxd3 39. exd3 b5 40. Kf3 a4 41. Rb4 a3 42. Rxb5 a2 43. Rxb2 a1=Q 44. Rf2 Qf6+ 45. Kg2 Qd4 46. Rf3 Qxd5 47. Kf2 Qd4+ 48. Ke2 Kg6 49. Rf4 Qd5 50. Rg4+ Kf5 51. Rf4+ Kg5 52. Re4 Qa2+ 53. Kf3 Qf7+ 54. Ke3 Qf1 55. Kd4 Qg1+ 56. Kd5 Qxg3 57. Re6 Qxd3+ 58. Kc6 Qa6+ 59. Kd5 Qd3+ 60. Kc6 Kf5 61. Rxd6 Qc4+ 62. Kd7 Qb3 63. Rh6 Qf7+ 64. Kc6 Qe8+ 65. Kb7 Qe7+ 66. Kc6 Qe8+ 67. Kb7 Ke5 68. Rh2 Qd7+ 69. Kb8 Qd6+ 70. Kb7 Qd5+ 71. Kb8 Kd6 72. Rh6+ Kc5 73. Ka7 Qf7+ 74. Ka6 Qa2+ 75. Kb7 Qg2+ 0-1

[Event "VII Lorca Open 2018"]
[Site "Lorca"]
[Date "2018.12.30"]
[Round "8"]
[White "Sabuk, Piotr"]
[Black "Salvador Lopez, Daniel"]
[Result "1/2-1/2"]
[ECO "D90"]
[WhiteElo "2391"]
[BlackElo "2177"]
[Annotator "NA"]
[PlyCount "74"]
[EventDate "2018.12.26"]
[EventType "swiss"]
[EventCountry "ESP"]
[SourceTitle "playchess.com"]
[Source "ChessBase"]
[SourceQuality "1"]
[TimeControl "5400+30"]

1. d4 Nf6 2. c4 g6 3. Nc3 d5 4. Nf3 Bg7 5. h4 h6 6. Bf4 c6 7. e3 Qb6 8. Qb3 Be6 9. c5 Qxb3 10. axb3 O-O 11. b4 Nfd7 12. Bd3 Bg4 13. Nh2 Bf5 14. Bxf5 gxf5 15. g4 fxg4 16. Nxg4 f5 17. Ne5 Nxe5 18. Bxe5 Bxe5 19. dxe5 f4 20. Rg1+ Kh7 21. O-O-O fxe3 22. fxe3 a5 23. b5 Nd7 24. Nxd5 cxd5 25. Rxd5 Rac8 26. Rxd7 Rxc5+ 27. Kb1 Rxe5 28. Rxb7 Rxe3 29. Rb6 Rf6 30. Rxf6 exf6 31. Kc2 Re5 32. b6 Rb5 33. Ra1 Kg6 34. b7 Rxb7 35. Rxa5 f5 36. Ra6+ Kh5 37. Rf6 Kxh4 1/2-1/2

[Event "VII Lorca Open 2018"]
[Site "Lorca"]
[Date "2018.12.30"]
[Round "8"]
[White "Suarez Uriel, Adrian"]
[Black "Jimenez Ruano, Adrian"]
[Result "1-0"]
[ECO "C54"]
[WhiteElo "2386"]
[BlackElo "2245"]
[Annotator "NA"]
[PlyCount "71"]
[EventDate "2018.12.26"]
[EventType "swiss"]
[EventCountry "ESP"]
[SourceTitle "playchess.com"]
[Source "ChessBase"]
[SourceQuality "1"]
[TimeControl "5400+30"]

1. e4 e5 2. Nf3 Nc6 3. Bc4 Bc5 4. O-O Nf6 5. d3 d6 6. c3 h6 7. Bb3 a6 8. Re1 Ba7 9. Nbd2 g5 10. Nc4 g4 11. Nfd2 Kf8 12. Nf1 h5 13. Be3 b5 14. Ncd2 Bxe3 15. Nxe3 h4 16. Ndf1 Ne7 17. d4 Ng6 18. Bc2 Rh5 19. Nf5 exd4 20. cxd4 d5 21. e5 Bxf5 22. exf6 Bxc2 23. Qxc2 Qxf6 24. Qxc7 Qxd4 25. Rad1 Qxb2 26. Ne3 Qe5 27. Qc1 g3 28. fxg3 Qd6 29. g4 Re5 30. Nf5 Rxe1+ 31. Rxe1 Qf4 32. Qc5+ Kg8 33. Qxd5 Rc8 34. Qd1 Qg5 35. Qd4 f6 36. Qd7 1-0

[Event "VII Lorca Open 2018"]
[Site "Lorca"]
[Date "2018.12.30"]
[Round "8"]
[White "Serarols Mabras, Bernat"]
[Black "Alonso Garcia, Aaron"]
[Result "1-0"]
[ECO "E06"]
[WhiteElo "2371"]
[BlackElo "2274"]
[Annotator "NA"]
[PlyCount "141"]
[EventDate "2018.12.26"]
[EventType "swiss"]
[EventCountry "ESP"]
[SourceTitle "playchess.com"]
[Source "ChessBase"]
[SourceQuality "1"]
[TimeControl "5400+30"]

1. d4 Nf6 2. c4 e6 3. g3 d5 4. Bg2 Be7 5. Nf3 O-O 6. O-O c6 7. Qc2 dxc4 8. Qxc4 b6 9. Rd1 Ba6 10. Qc2 Qc8 11. e4 c5 12. d5 exd5 13. e5 Ne8 14. Nc3 Nc7 15. Bg5 Qe6 16. Bxe7 Qxe7 17. Nxd5 Nxd5 18. Rxd5 Bb7 19. Rd6 Nc6 20. Qd2 Rad8 21. Rd1 Ba8 22. Qf4 Rxd6 23. exd6 Qf6 24. Qxf6 gxf6 25. d7 Rd8 26. Bh3 Kf8 27. a3 Nb8 28. Nh4 Bc6 29. Bf5 h6 30. Bg4 Bxd7 31. Nf5 Nc6 32. Nxh6 Kg7 33. Rxd7 Kxh6 34. Rxf7 Kg6 35. Rc7 Ne5 36. Be2 Rd2 37. Kf1 Kf5 38. b4 Ra2 39. bxc5 Rxa3 40. cxb6 axb6 41. h4 Ra1+ 42. Kg2 Ra2 43. Bf1 Rd2 44. Rc3 Rb2 45. Bd3+ Nxd3 46. Rxd3 b5 47. Kf3 b4 48. Rd5+ Kg6 49. Rb5 b3 50. Ke3 Rb1 51. f3 b2 52. Kf4 Kh6 53. Rb7 Kg6 54. Kg4 Kh6 55. Kf4 Kg6 56. g4 f5 57. Rb6+ Kg7 58. Kxf5 Rh1 59. Rxb2 Rxh4 60. Rb7+ Kg8 61. f4 Rh6 62. Kg5 Ra6 63. f5 Kf8 64. f6 Ra4 65. Kf5 Rc4 66. g5 Rc8 67. g6 Rc5+ 68. Kg4 Rc8 69. Kg5 Ra8 70. Kh6 Kg8 71. f7+ 1-0